 Dungeon Crawl Stone Soup version 0.31-a0-1522-g43313d8 (webtiles) character file.

Game seed: 2947571814889372081

72 Meow the Conjurer (level 4, 36/36 HPs)
             Began as a Naga Conjurer on Dec 27, 2023.
             Quit the game on level 2 of the Dungeon on Dec 30, 2023.
             The game lasted 00:04:42 (1687 turns).

Meow the Conjurer (Naga Conjurer)                   Turns: 1687, Time: 00:04:42

Health: 36/36      AC:  2    Str:  9    XL:     4   Next: 26%
Magic:  8/8        EV:  9    Int: 20    God:
Gold:   65         SH:  0    Dex: 10    Spells: 6/9 levels left

rFire   . . .        a - +0 mace
rCold   . . .        (no shield)
rNeg    . . .        c - +0 robe
rPois   +            (no helmet)
rElec   .            (no cloak)
rCorr   .            (no gloves)
SInv    +            (no barding)
Will    .....        (no amulet)
Stlth   ++           (no ring)
HPRegen 0.26/turn    (no ring)
MPRegen 0.11/turn

%: no passive effects
@: very slow
A: AC +1, large, see invisible, deformed body, poison resistance, slowness 2,
spit poison 1, naga tail 1
a: Spit Poison


You were on level 2 of the Dungeon.
You visited 1 branch of the dungeon, and saw 2 of its levels.

You collected 65 gold pieces.

Inventory:

Hand Weapons
 a - a +0 mace (weapon)
Missiles
 l - 4 poisoned darts
Armour
 c - a +0 robe (worn)
Wands
 m - a wand of light (7)
Scrolls
 d - 3 scrolls of identify {unknown}
 e - 2 scrolls of poison {unknown}
 f - a scroll of fog
 g - a scroll of silence {unknown}
 h - a scroll of amnesia {unknown}
 i - a scroll of immolation {unknown}
 p - a scroll of butterflies {unknown}
 q - a scroll of blinking {unknown}
Potions
 b - 2 potions of magic
 j - a potion of curing {unknown}
 k - a potion of brilliance {unknown}
 n - a potion of heal wounds {unknown}
 o - a potion of degeneration {unknown}


   Skills:
 - Level 1.5 Dodging
 - Level 3.0 Stealth
 + Level 3.2 Spellcasting
 + Level 4.9 Conjurations


You had 6 spell levels left.
You knew the following spells:

 Your Spells              Type           Power      Damage    Failure   Level
a - Magic Dart            Conj           88%        1d7       1%          1
b - Searing Ray           Conj           44%        2d6       2%          2

Your spell library contained the following spells:

 Spells                   Type           Power      Damage    Failure   Level
 Fulminant Prism          Conj/Alch      6%         3d7       45%         4
 Iskenderun's Mystic Bla  Conj/Tloc      13%        2d5       45%         4


Dungeon Overview and Level Annotations

Branches:
Dungeon (2/15)

Altars:

Annotations:
D:1 1 transporter


Innate Abilities, Weirdness & Mutations

Your serpentine skin is tough. (AC +1)
You have supernaturally acute eyesight. (SInv)
Armour fits poorly on your strangely shaped body.
Your system is resistant to poisons. (rPois)
You cover ground very slowly.
You can spit poison.
You have a snake-like lower body.


Message History

a +0 dagger; a +0 sling
Things that are here:
a +0 dagger; a +0 club
Things that are here:
a +2 spear of flaming; a +0 sling A hobgoblin comes into view.
A hobgoblin is nearby!
Aiming: Spit Poison (1% risk of failure)
Press: ? - help, Shift-Dir - straight line, f - hobgoblin
Aim: a hobgoblin (asleep, 100% to hit)
The splash of poison hits the hobgoblin.
The hobgoblin is poisoned.
You kill the hobgoblin!
Unknown command.
A rat comes into view.
You have got your breath back.
A rat is nearby!
Casting: Searing Ray (safe; 2% risk of failure)
Confirm with . or Enter, or press ? or * to list all spells.
Aiming: Magic Dart (safe; 1% risk of failure)
Press: ? - help, Shift-Dir - straight line, f - rat
Aim: a rat (asleep, 100% to hit)
The magic dart hits the rat.
You kill the rat!
Done exploring.
Unknown command.
Done exploring.
There is a stone staircase leading up here.
You climb upwards.
Level annotation: 1 transporter
There is a stone staircase leading down here.
You climb downwards.
There is a stone staircase leading up here.
Done exploring.
You climb upwards.
Level annotation: 1 transporter
There is a stone staircase leading down here.
You climb downwards.
There is a stone staircase leading up here.
Are you sure you want to abandon this character and quit the game? (Confirm with "yes".)

#.....# ###### #.....# #....†
##.....# #####.#### ## #......#
###.....# .# #......# #.....###
.# ###......####.....###### .#
#..†###....#......#..... .# #.###
#..#.#......#.)... .# #.#
#@...).######..... .#
#.#####.....## #.....
.#########...........#######.....
...........................'.....
.#############.##.##.#######.....
..# #######....#### #..... #.#
#........### #..... #.###
#........# ######
#...####........#


There were no monsters in sight!

Vanquished Creatures
  An adder (D:2)
  A dart slug (D:1)
  A ribbon worm (D:2)
  2 ball pythons
  3 bats
  3 endoplasms
  4 giant cockroaches
  13 goblins
  3 hobgoblins
  2 jackals (D:1)
  5 kobolds
  2 quokkas (D:1)
  4 frilled lizards
  10 rats
54 creatures vanquished.

Notes
Turn   | Place    | Note
-------+----------+-------------------------------------------
     0 | D:1      | Meow the Naga Conjurer began the quest for the Orb.
     0 | D:1      | Reached XP level 1. HP: 15/15 MP: 3/3
     0 | D:1      | Upgraded the game from 0.31-a0-1448-g4a97266 to
                  | 0.31-a0-1522-g43313d8
   163 | D:1      | Reached XP level 2. HP: 22/22 MP: 5/5
   166 | D:1      | Learned a level 2 spell: Searing Ray
   709 | D:1      | Reached XP level 3. HP: 28/28 MP: 4/6
  1320 | D:2      | Reached XP level 4. HP: 36/36 MP: 6/8
  1687 | D:2      | Quit the game

Illustrated notes

Levels and vault maps discovered:
D:1:      spicycebolla_arrival_risky_transporter, layout_rooms
D:2:      layout_basic, minmay_goblin_outpost

Skill      XL: |  1  2  3 |
---------------+----------+-----
Spellcasting   | 3 |  3.2
Dodging        | |  1.5
Stealth        | |  3.0
Conjurations   | |  4.9

Action                     |  1- 3 |  4- 6 || total
---------------------------+-------+-------++-------
  Melee: Mace              |     1 |       ||     1
   Cast: Magic Dart        |    36 |     8 ||    44
         Searing Ray       |     6 |     2 ||     8
Ability: Spit Poison       |    21 |     5 ||    26
    Use: Scroll            |     1 |       ||     1
 Armour: Robe              |     7 |     1 ||     8
  Dodge: Dodged            |     6 |     1 ||     7

Table legend: (Time is in decaauts)
 A = Elapsed time spent in this place.
 B = Non-inter-level travel time spent in this place.
 C = Inter-level travel time spent in this place.
 D = Time resting spent in this place.
 E = Time spent auto-exploring this place.
 F = Levels seen in this place.
 G = Mean time per level.
                   A        B        C        D        E       F      G
               +--------+--------+--------+--------+--------+-----+--------+
         Total |   2062 |   1997 |     65 |    606 |   1124 |   2 | 1031.0 |
       Dungeon |   2062 |   1997 |     65 |    606 |   1124 |   2 | 1031.0 |
               +--------+--------+--------+--------+--------+-----+--------+

Top non-repeatable levels by time:
     D:1: 1339 daAuts
     D:2: 722 daAuts
